[Event "13th Chennai Open 2022"]
[Site "Chennai"]
[Date "2022.06.22"]
[Round "5.5"]
[White "Fedorov, Alexei"]
[Black "Ravichandran, Siddharth"]
[Result "1-0"]
[ECO "B28"]
[WhiteElo "2529"]
[BlackElo "2352"]
[Annotator "TA"]
[PlyCount "77"]
[EventDate "2022.06.19"]
[EventType "swiss"]
[EventCountry "IND"]
[SourceTitle "playchess.com"]
[Source "ChessBase"]
[SourceQuality "1"]
[TimeControl "5400+30"]

1. e4 c5 2. Nf3 a6 3. c4 Nc6 4. d4 cxd4 5. Nxd4 e5 6. Nf5 d6 {[%emt 0:00:13] B28: Sicilian: 2 Nf3 a6 (O'Kelly Variation).} 7. Ne3 g6 8. Nc3 Bg7 {[%emt 0:02:35] White is slightly better.} 9. Bd3 Nge7 10. h4 h5 11. Ned5 Nxd5 12. Nxd5 {[%emt 0:00:19] [#]} Be6 $146 ({Predecessor:} 12... O-O 13. Bg5 f6 14. Be3 Be6 15. O-O Rc8 16. g3 Qe8 17. Be2 Kh7 18. Bb6 Qf7 {½-½ (53) Kotronias,V (2611)-Krush,I (2479) Gausdal 2008}) 13. Bg5 Qa5+ 14. Kf1 Bxd5 15. exd5 Nd4 16. g4 (16. Be3 $14 {feels stronger.}) 16... Qc7 $11 17. Be3 O-O-O 18. g5 f5 (18... Rhe8 $11) 19. Bxd4 $16 exd4 20. b4 Rhe8 21. Qf3 {[%emt 0:04:19] Prevents Re4.} ({White should play} 21. Rb1 $16) 21... Re5 $1 $14 22. Kg2 {[%emt 0:00:25] Black is now going downhill.} Qf7 {[%emt 0:04:06] [#]} (22... Rde8 $16 {is a better defense.}) 23. Rab1 $1 $18 Kd7 24. Rhc1 Ke7 (24... Rc8 $142 25. a4 Rc7) 25. c5 ({Weaker is} 25. Qf4 Kf8 $14) 25... Kf8 26. c6 b5 $2 (26... Kg8 27. cxb7 Qxb7) 27. a4 Qc7 (27... Rxd5 $142 28. axb5 axb5) 28. axb5 axb5 29. Ra1 Kg8 30. Ra5 Rb8 31. Rca1 Re7 32. Ra8 Kh7 33. R1a5 Rxa8 34. Rxa8 {[%emt 0:00:06][%cal Of3h5] White threatens Qxh5+! and mate.} Re5 35. Ra5 Re1 {[%emt 0:00:29] [#]} 36. Bxf5 $1 {[%emt 0:01:36][%mdl 512] White mates.} Qf7 37. Qxh5+ Kg8 38. Ra8+ Bf8 39. Qxg6+ {[%emt 0:00:16] Weighted Error Value: White=0.07 (flawless) /Black=0.52} (39. Bxg6 $142 Qxd5+ 40. f3 Re2+ 41. Kf1 Re7 {[#]} 42. Rxf8+ $1 Kxf8 43. Qh8+ Qg8 44. Qf6+ Qf7 45. Bxf7) 1-0

[Event "13th Chennai Open 2022"]
[Site "Chennai"]
[Date "2022.06.22"]
[Round "5.6"]
[White "Aaryan Varshney"]
[Black "Tran, Tuan Minh"]
[Result "0-1"]
[ECO "E15"]
[WhiteElo "2308"]
[BlackElo "2533"]
[Annotator "TA"]
[PlyCount "78"]
[EventDate "2022.06.19"]
[EventType "swiss"]
[EventCountry "IND"]
[SourceTitle "playchess.com"]
[Source "ChessBase"]
[SourceQuality "1"]
[TimeControl "5400+30"]

1. d4 Nf6 2. c4 e6 3. Nf3 b6 4. g3 Ba6 5. b3 Bb4+ 6. Bd2 Be7 7. Bg2 O-O 8. O-O Bb7 9. Nc3 d5 10. cxd5 exd5 11. Qc2 Na6 12. Rfd1 Re8 {[%emt 0:00:49] E15: Queen's Indian: 4 g3 sidelines, 4 g3 Ba6 and 4 g3 Bb7 early deviations.} 13. Bf4 Ne4 {[%emt 0:09:27] [#]} 14. Ne5 $146 ({Predecessor:} 14. a3 Nxc3 15. Qxc3 c5 16. Qd3 Bd6 17. e3 Bxf4 18. exf4 Qd7 19. Re1 f6 20. Bf1 {½-½ (44) Alvebring,M-Krueger,H LSS email 2007}) 14... Nb4 {[%emt 0:03:24] The position is equal.} 15. Qb2 f6 16. Nf3 g5 17. Be3 a5 18. a3 Na6 19. Rac1 Bd6 20. Nb5 (20. Nxe4 $142 Rxe4 21. Rc2) 20... Bf8 $11 21. Bh3 Qe7 (21... c6 $5 22. Nc3 Nxc3 23. Rxc3 Nc7 $11) 22. a4 (22. Bf5 $11) 22... c6 $17 23. Nc3 Nd6 24. Re1 Qg7 {[%emt 0:02:23] ...g4 is the strong threat.} 25. Bg2 Nb4 26. Bd2 Ne4 ({Black should play} 26... Qg6 $17) 27. Rcd1 (27. Nxe4 $11 dxe4 28. Bxb4 Bxb4 29. Nd2) 27... Ba6 28. Bf1 Re6 29. Bc1 ({Better is} 29. Nxe4 dxe4 30. d5 cxd5 31. Nd4) 29... Rae8 30. e3 Bxf1 {[%emt 0:00:39] Black is much more active.} 31. Rxf1 Qg6 32. Kg2 $2 {[%emt 0:01:57][%mdl 8192] [#] Loses the game.} (32. Ne1 $17 {is more resistant.}) 32... Nxc3 $1 $19 33. Qxc3 Qe4 {[%emt 0:00:06] Threatens to win with ...g4.} 34. h3 f5 {[%emt 0:01:08] White must now prevent ...g4.} 35. Kg1 Qxf3 36. Rde1 Rh6 37. Kh2 {[%emt 0:00:51] [#]} Rxh3+ $3 {[%emt 0:00:09][%mdl 512] Black mates.} 38. Kxh3 Re6 39. Kh2 Rh6+ {[%emt 0:00:03] Weighted Error Value: White=0.89/Black=0.12 (very precise)} 0-1

[Event "13th Chennai Open 2022"]
[Site "Chennai"]
[Date "2022.06.22"]
[Round "5.7"]
[White "Murali Krishnan B T"]
[Black "Deepan Chakkravarthy J."]
[Result "1/2-1/2"]
[ECO "D76"]
[WhiteElo "2208"]
[BlackElo "2478"]
[Annotator "TA"]
[PlyCount "74"]
[EventDate "2022.06.19"]
[EventType "swiss"]
[EventCountry "IND"]
[SourceTitle "playchess.com"]
[Source "ChessBase"]
[SourceQuality "1"]
[TimeControl "5400+30"]

1. d4 Nf6 2. Nf3 g6 3. c4 Bg7 4. g3 O-O 5. Bg2 d5 6. cxd5 Nxd5 7. O-O Nc6 8. Nc3 Nb6 9. e3 Re8 10. h3 a5 {[%emt 0:01:49] The position is equal. D76: Fianchetto Grünfeld: Main Line with 7...Nb6.} 11. Na4 (11. d5 $5 Ne5 12. Nd4 $11) 11... Nxa4 12. Qxa4 e5 {[%emt 0:20:20] [#]} 13. dxe5 $146 ({Predecessor:} 13. Rd1 exd4 14. Nxd4 Nxd4 15. exd4 c6 16. d5 c5 17. Be3 b6 18. Qc2 Bf5 19. Qd2 {0-1 (50) Kuecher,W (2101)-Knoll,H (2341) St Johann im Pongau 2016}) 13... Nxe5 14. Nxe5 Bxe5 15. Rd1 Qe7 16. Bd2 Bxb2 {[%emt 0:10:48] [#] White must now prevent ...Bd7.} 17. Rab1 Be5 ({Much less strong is} 17... Bd7 18. Qc2 Be5 19. Rxb7 $14) 18. Bxb7 Bxb7 19. Rxb7 Qe6 20. Kh2 Qd5 21. Rbb1 Qf3 22. Be1 h5 23. Kg1 Bd6 24. Qc4 Rab8 25. h4 Rb2 26. Rxb2 Qxd1 27. Qe2 Qxe2 28. Rxe2 $11 {[%emt 0:00:06][%mdl 4096] Endgame KRB-KRB} a4 29. Rb2 f5 30. Kf1 Kf7 31. Ke2 Ke6 32. Rb5 Kd7 33. Kd3 Kc6 34. Ra5 a3 35. Ra6+ Kb5 36. Ra5+ Kb6 37. Ra4 Kb5 {[%emt 0:01:55] A balanced but interesting game.  Weighted Error Value: White=0.02 (flawless) /Black=0.01 (flawless)} 1/2-1/2

[Event "13th Chennai Open 2022"]
[Site "Chennai"]
[Date "2022.06.22"]
[Round "5.8"]
[White "Pawar, Harshit"]
[Black "Ajay Karthikeyan"]
[Result "1/2-1/2"]
[ECO "B06"]
[WhiteElo "1961"]
[BlackElo "2436"]
[Annotator "TA"]
[PlyCount "94"]
[EventDate "2022.06.19"]
[EventType "swiss"]
[EventCountry "IND"]
[SourceTitle "playchess.com"]
[Source "ChessBase"]
[SourceQuality "1"]
[TimeControl "5400+30"]

1. d4 g6 2. e4 Bg7 3. Nc3 d6 4. Nf3 a6 5. a4 Bg4 6. Be2 {[%emt 0:00:30] B06: Modern Defence.} Nd7 {[%emt 0:00:30] has lost popularity (6...Nc6).} 7. Be3 e5 8. h3 {[%emt 0:00:30] White is slightly better.} Bxf3 9. Bxf3 Ne7 10. dxe5 Nxe5 {[%emt 0:00:30] [#]} 11. Be2 $146 ({Predecessor:} 11. O-O Nxf3+ 12. Qxf3 O-O 13. Rad1 Nc6 14. Qe2 f5 15. Qc4+ Kh8 16. exf5 Rxf5 17. Rd2 {½-½ (31) Lizak,J (1793)-Mroziak,M (2197) Polanica Zdroj 2012}) 11... O-O 12. Qd2 Kh8 (12... Qc8 $14) 13. h4 b5 14. h5 (14. axb5 axb5 15. O-O b4 $14) 14... f5 $2 (14... Qe8 $16) 15. Bg5 $18 (15. axb5 axb5 16. Rxa8 Qxa8 $16) 15... Bf6 16. Bxf6+ (16. axb5 axb5 17. Rxa8 Qxa8 $16) 16... Rxf6 17. Nd5 (17. axb5 $6 axb5 18. Rxa8 Qxa8 $16) (17. f4 $18 Nd7 18. O-O-O (18. axb5 axb5 19. Rxa8 Qxa8 $16)) 17... Nxd5 $14 18. exd5 g5 (18... f4 $14) 19. axb5 ({Better is} 19. Qxg5 Qe7 20. Qf4 (20. axb5 f4 $16)) 19... axb5 $16 20. Rxa8 Qxa8 21. Qxg5 Rf7 (21... Rf8 $14) 22. h6 $18 Qa5+ 23. c3 {[%emt 0:00:30] White threatens Qd8+ and mate.} Qa1+ 24. Bd1 Ng6 $2 (24... Qa8 $18 25. Bc2 f4) 25. O-O $2 (25. Qd8+ {mates} Nf8 26. O-O Qc1 27. Bh5 Qxh6 28. Bxf7 f4 29. Re1 Kg7 30. Qxc7) 25... Qxb2 $2 (25... Qa8 26. Bh5 Qe8) 26. Qd8+ Rf8 27. Qxc7 Rg8 {[%emt 0:00:30] Prevents Qg7+.} 28. Bh5 Qd2 29. Bxg6 hxg6 {[%emt 0:00:30][%mdl 4096] Endgame KQR-KQR} 30. h7 $2 (30. Qxd6 {Strongly threatening Qe5+.} Qg5 31. Re1) 30... Rg7 31. Qxd6 Qxc3 32. Qb8+ $2 (32. Rd1 $18 {is more deadly. Black must now prevent Qd8+.} Kxh7 33. Qh2+ Kg8 34. Qb8+ Kh7 35. Qd8 (35. Qxb5 Re7 $16)) 32... Kxh7 $16 33. Qxb5 (33. Rd1 {is more complex.} Qc2 34. Re1 Qd2 35. Qe5) 33... Ra7 {[%emt 0:00:30] Prevents Qa4.} 34. d6 (34. Rd1 $16) 34... Qd4 $11 35. Qc6 Qa4 $2 (35... Ra2 $11) 36. Qd5 Qe4 37. Qd2 (37. Qxe4 $142 {[%cal Oe4e7] Qe7+! would kill now.} fxe4 38. Rd1) 37... Rd7 $18 38. Rd1 {[%emt 0:00:30] Threatens to win with Qc3.} Qe5 {[%emt 0:00:30] Inhibits Qc3.} 39. g3 Kg7 40. Qc2 Kf7 {[%emt 0:00:30] [#]} (40... g5 $16 41. Qc4 Kf6) 41. Qc6 $1 Qe6 42. Rd4 {[%emt 0:00:30] White is more active.} Qe1+ (42... g5 $16 {was necessary.} 43. Qf3 Kg6) 43. Kg2 Qe6 44. Qc8 {[%emt 0:00:30] And now Rh4 would win.} Qe8 $2 {[%emt 0:00:30][%mdl 8192] [#]} (44... g5 $16 45. Qc3 g4) 45. Qxe8+ $1 Kxe8 46. Kf3 Kf7 47. Kf4 {[%emt 0:00:30] aiming for Ke5.} Kf6 {[%emt 0:00:30][%mdl 32768] Weighted Error Value: White=0.63/Black=0.82. An unexpected result.} 1/2-1/2

[Event "13th Chennai Open 2022"]
[Site "Chennai"]
[Date "2022.06.22"]
[Round "5.9"]
[White "Rajesh, V A V"]
[Black "Saravana, Krishnan P."]
[Result "1/2-1/2"]
[ECO "A01"]
[WhiteElo "2358"]
[BlackElo "2269"]
[Annotator "TA"]
[PlyCount "60"]
[EventDate "2022.06.19"]
[EventType "swiss"]
[EventCountry "IND"]
[SourceTitle "playchess.com"]
[Source "ChessBase"]
[SourceQuality "1"]
[TimeControl "5400+30"]

1. b3 d5 2. Bb2 Bg4 3. h3 Bh5 4. Nf3 Bxf3 5. exf3 Nf6 6. d4 {[%emt 0:00:12] A01: Nimzowitsch-Larsen Opening.} e6 7. Bd3 c5 8. dxc5 {[%emt 0:01:46] The position is equal.} Bxc5 {[%emt 0:00:17] [#]} 9. O-O $146 ({Predecessor:} 9. Nc3 O-O 10. Ne2 Ba3 11. Bxa3 Qa5+ 12. c3 Qxa3 13. Qd2 Nbd7 14. O-O Rac8 15. Qe3 {½-½ (36) Owens,J (2097)-Varkentin,W (1939) ICCF email 2016}) 9... O-O 10. f4 Nc6 11. Nd2 Bd4 12. Bxd4 Nxd4 13. c3 Nc6 14. Nf3 Rc8 15. Re1 Qa5 16. Qd2 Rfd8 17. Qb2 Ne7 18. Rac1 a6 19. Nd4 Qc7 20. g3 Qd6 21. Qe2 Nc6 22. Nf3 Rc7 23. Qd2 Qf8 24. f5 Qd6 25. fxe6 fxe6 26. Qg5 {[%emt 0:09:01] Against e5} (26. Rcd1 $142) 26... h6 $11 27. Qe3 Re7 (27... e5 $1 $11 28. Bf5 (28. Nxe5 Re8 $15) 28... e4) 28. Nd4 $14 Nxd4 29. cxd4 Nd7 30. Bb1 e5 {[%emt 0:02:48] Weighted Error Value: White=0.06 (flawless) /Black=0.08 (flawless)} 1/2-1/2

[Event "13th Chennai Open 2022"]
[Site "Chennai"]
[Date "2022.06.22"]
[Round "5.10"]
[White "Laxman, R.R."]
[Black "Vignesh B"]
[Result "*"]
[WhiteElo "2420"]
[BlackElo "2072"]
[Annotator "TA"]
[PlyCount "29"]
[EventDate "2022.06.19"]
[EventType "swiss"]
[EventCountry "IND"]
[SourceTitle "playchess.com"]
[Source "ChessBase"]
[SourceQuality "1"]
[TimeControl "5400+30"]

1. d4 Nf6 2. Nf3 e6 3. c4 Bb4+ 4. Bd2 Bxd2+ 5. Qxd2 b6 6. Nc3 Bb7 7. d5 O-O {[%emt 0:02:24] [#] A rather calm draw. E11: Bogo-Indian.} {Predecessor:} 8. e4 $146 exd5 9. exd5 c6 10. Be2 cxd5 11. cxd5 Na6 12. O-O Nc7 13. d6 Ne6 14. Ne5 Rc8 15. h3 {1-0 (38) Ghaem Maghami,E (2525)-Toufighi,H (2436) Amol 2018} *

[Event "13th Chennai Open 2022"]
[Site "Chennai"]
[Date "2022.06.22"]
[Round "5.11"]
[White "Majumder Shrayan"]
[Black "Aronyak Ghosh"]
[Result "0-1"]
[ECO "D26"]
[WhiteElo "1741"]
[BlackElo "2494"]
[Annotator "TA"]
[PlyCount "72"]
[EventDate "2022.06.19"]
[EventType "swiss"]
[EventCountry "IND"]
[SourceTitle "playchess.com"]
[Source "ChessBase"]
[SourceQuality "1"]
[TimeControl "5400+30"]

1. d4 d5 2. c4 dxc4 3. e3 Nf6 4. Bxc4 e6 5. Nf3 c5 6. O-O Nc6 7. b3 {[%emt 0:03:23] D26: Queen's Gambit Accepted: 4 e3 e6 5 Bxc5 c5 sidelines.} cxd4 8. exd4 Be7 9. Bb2 {[%emt 0:01:45] The position is equal.} O-O {[%emt 0:01:09] [#]} 10. Ne5 $146 ({Predecessor:} 10. Nc3 a6 11. Re1 b5 12. Be2 Bb7 13. a4 b4 14. Nb1 Rc8 15. Nbd2 Nd5 16. Rc1 {1-0 (46) Beckmann,D (1999)-Bauland,T (1859) Germany 2017}) 10... Bd7 11. Nc3 Be8 12. Ne2 Qb6 13. Nf4 Rd8 14. Qf3 Nxd4 15. Qh3 Bb5 16. Rad1 Bc5 17. Bxb5 Qxb5 18. Ng4 Nxg4 (18... Ne2+ $2 19. Nxe2 Bxf2+ 20. Nxf2 $18 (20. Kxf2 Qf5+ 21. Kg1 Qxg4 $18)) 19. Qxg4 f5 20. Qg5 h6 21. Qg3 Qb6 (21... e5 $6 22. Bxd4 Rxd4 23. Ne6 $11 (23. Rxd4 Bxd4 24. Ne6 Rf7 $17)) 22. Rde1 Rde8 ({Reject} 22... Bd6 23. Qxg7+ Kxg7 24. Bxd4+ Qxd4 25. Nxe6+ Kf6 26. Nxd4 $11) (22... Rf6 $17) 23. Nh5 (23. Qg6 $11) 23... Rf7 $17 24. Qe5 {[%emt 0:01:54] And now Rc1 would win.} Nc6 25. Qg3 Bd4 26. Bc1 {[%emt 0:00:14] [#]} Kh7 $1 27. Nf4 {[%emt 0:00:29] [#]} e5 $1 {[%emt 0:01:20] Active counter play!} ({Inferior is} 27... Ne5 28. Be3 $15) 28. Qg6+ Kg8 29. Nh5 {[%emt 0:02:58][%cal Oh5g7] Hoping for Nxg7!} Nb4 30. Qg3 (30. Qxb6 {keeps fighting.} axb6 31. Be3) 30... Kh7 31. Qh3 Nxa2 32. Ba3 (32. Be3) 32... Nc3 33. Ng3 Qxb3 34. Nxf5 {[%emt 0:00:49] Black has a decisive advantage.} Ne2+ ({But not} 34... Qxa3 $2 35. Nxd4 Qb2 36. Nf3 $19) 35. Rxe2 Qxh3 {[%emt 0:00:04][%mdl 64] Remove Defender. Dancing on a razor blade.} 36. gxh3 Rxf5 {[%emt 0:00:02] Weighted Error Value: White=0.31/Black=0.13 (very precise)} 0-1

[Event "13th Chennai Open 2022"]
[Site "Chennai"]
[Date "2022.06.22"]
[Round "5.12"]
[White "Nguyen, Duc Hoa"]
[Black "Jani Kushal R"]
[Result "1-0"]
[ECO "A64"]
[WhiteElo "2398"]
[BlackElo "1800"]
[Annotator "TA"]
[PlyCount "81"]
[EventDate "2022.06.19"]
[EventType "swiss"]
[EventCountry "IND"]
[SourceTitle "playchess.com"]
[Source "ChessBase"]
[SourceQuality "1"]
[TimeControl "5400+30"]

1. d4 Nf6 2. c4 g6 3. Nc3 Bg7 4. Nf3 O-O 5. g3 d6 6. Bg2 c5 7. d5 e6 8. O-O exd5 9. cxd5 Re8 10. Nd2 a6 11. a4 Nbd7 12. h3 Rb8 13. Nc4 {[%emt 0:00:36] A64: Modern Benoni: Fianchetto Variation: 9...Nbd7 10 Nd2 a6 11 a4 Re8.} Qc7 (13... Ne5 $11 14. Na3 b5 15. axb5 axb5 16. Naxb5 Qb6) 14. Bf4 $14 {[%emt 0:01:33] [#]} Ne5 $146 ({Predecessor:} 14... Bf8 15. Na3 Ne5 16. Bd2 Bg7 17. f4 Ned7 18. e4 c4 19. Be3 Nxe4 20. Nxe4 f5 {0-1 (41) Stupak,K (2520)-Gumularz,S (2513) Chess.com INT 2020}) 15. Bxe5 {[%emt 0:00:32] White is better.} dxe5 {[%emt 0:00:10] [#]} 16. a5 $1 e4 17. Qb3 Bd7 18. Rfd1 h5 19. e3 h4 {[%emt 0:03:38] [#]} (19... Rbd8 $14) 20. g4 $1 $16 (20. gxh4 $6 Bf5 $14) 20... Nxg4 21. hxg4 Bxg4 22. d6 (22. Nxe4 $6 h3 $14) 22... Qd8 23. d7 (23. Nxe4 h3 24. d7 Re7) 23... Rf8 {[%emt 0:01:39] Black cannot hold the game after this.} (23... Re7 $16) 24. Nxe4 $18 h3 {[%emt 0:02:35] [#]} 25. Bh1 Qh4 {[%emt 0:01:33] [#]} (25... Qe7 26. Nb6) 26. Kh2 $1 Be6 (26... Qe7 27. Qb6) 27. f4 Rfd8 28. Qc2 Rxd7 29. Rxd7 Bxd7 30. Qf2 (30. Ng5 $142) 30... Qxf2+ 31. Nxf2 {[%emt 0:00:48] Pair of Knights!} Re8 $2 (31... Be6) 32. Bxb7 Bb5 33. Nd6 Rb8 34. Bd5 {[%emt 0:00:56] White is clearly winning.} Rd8 35. Bxf7+ Kf8 36. Nfe4 Bd3 37. Bc4 Bxb2 38. Ra2 Bxc4 39. Nxc4 Bc1 40. Rc2 Rd1 41. Nxc5 {[%emt 0:00:35] Weighted Error Value: White=0.11 (very precise) /Black=0.46} 1-0

[Event "13th Chennai Open 2022"]
[Site "Chennai"]
[Date "2022.06.22"]
[Round "5.13"]
[White "Nawin M S"]
[Black "Harsh Suresh"]
[Result "0-1"]
[ECO "B06"]
[WhiteElo "1714"]
[BlackElo "2392"]
[Annotator "TA"]
[PlyCount "142"]
[EventDate "2022.06.19"]
[EventType "swiss"]
[EventCountry "IND"]
[SourceTitle "playchess.com"]
[Source "ChessBase"]
[SourceQuality "1"]
[TimeControl "5400+30"]

1. e4 g6 2. d4 Nf6 3. Nc3 d5 4. e5 Ne4 5. Nxe4 dxe4 6. Be3 {[%emt 0:01:46] B06: Modern Defence.} Bg7 7. Ne2 {[%emt 0:01:37] [#]} O-O $146 ({Predecessor:} 7... c5 8. dxc5 Qa5+ 9. c3 Bxe5 10. b4 Qc7 11. Nd4 O-O 12. Bc4 Nc6 13. Qc2 Bxd4 14. Bxd4 {1-0 (65) Ter Sahakyan,S (2640)-Indjic,A (2607) Chess.com INT 2021}) 8. Nc3 {[%emt 0:08:43] The position is equal.} c5 $1 9. Nxe4 cxd4 10. Qxd4 Qxd4 11. Bxd4 Nc6 12. Bc3 Nxe5 13. O-O-O Bf5 14. Ng3 Be6 15. Be2 Rac8 16. f4 Ng4 17. Bxg4 Bxg4 18. Bxg7 Kxg7 19. Rde1 Rc7 20. Rhf1 Rfc8 21. c3 Be6 22. a3 Bd5 23. Rf2 e6 24. Rd1 h5 25. f5 (25. Nf1 $11) 25... h4 ({But not} 25... gxf5 {[#]} 26. Nxf5+ $1 Kg6 27. Rd3 $11) 26. f6+ Kh6 27. Nf1 Kg5 28. Re1 Rc4 29. Re5+ Kh6 30. Ne3 Re4 (30... Rd4 $5) 31. Rxe4 (31. g3 {feels hotter.} Rc5 32. Rxe4 Bxe4 33. Rf4) 31... Bxe4 $14 {[%emt 0:00:00][%mdl 4096] Endgame KRB-KRN} 32. Rf4 Bf5 33. Rxh4+ Kg5 34. Rd4 Kxf6 35. g4 e5 36. Rb4 Be6 37. Rxb7 Rh8 38. Rxa7 Rxh2 {[%emt 0:00:00] And now ...Re2 would win.} 39. Rb7 $2 (39. Ra4 $11 {and White is okay.}) 39... Re2 $19 {[%emt 0:00:00][%mdl 64] [#] Deflection} 40. Nc2 Bxg4 {[%emt 0:00:00] Black is more active.} 41. a4 Bf3 42. Rd7 Rh2 {[%emt 0:00:00] aiming for ...Rh1+.} 43. Ne3 g5 $2 ({Black should try} 43... Ke6 $17 44. Ra7 Re2 45. Ra6+ Ke7 46. Ra7+ Kf6 47. Ra6+ Kg5) 44. Rd6+ $11 Kg7 45. a5 Rh1+ 46. Kc2 (46. Kd2 $1 $11) 46... g4 {[%emt 0:00:55][%cal Bg5g4,Bg4g3][%mdl 32] Hoping for ...Be4+.} 47. b4 $2 {[%emt 0:00:39][%mdl 8192] This move loses the game for White.} (47. Nf5+ $15 Kh7 48. Rf6) 47... Be4+ $19 48. Kb2 (48. Kd2 $142 g3 49. Rd7) 48... g3 {[%emt 0:00:10] Threatens to win with ...Re1.} 49. Rd2 f5 50. a6 f4 51. Ng4 f3 52. Ne3 g2 {[%emt 0:01:06] Black mates.} 53. Nxg2 fxg2 54. Rxg2+ Bxg2 55. c4 Bf1 56. a7 Rh8 57. b5 Bxc4 58. b6 Bd5 59. Kc3 Kf6 60. Kd2 e4 61. Ke3 Ke5 62. Ke2 Kd4 63. b7 Bxb7 64. a8=Q Rxa8 65. Ke1 Ra2 66. Kf1 e3 67. Kg1 Ra1+ 68. Kh2 e2 69. Kh3 Rg1 70. Kh2 e1=Q 71. Kh3 Qg3# {[%emt 0:00:00] Weighted Error Value: White=0.59/Black=0.07 (flawless)} 0-1

[Event "13th Chennai Open 2022"]
[Site "Chennai"]
[Date "2022.06.22"]
[Round "5.14"]
[White "Gusain, Himal"]
[Black "Patil Priyanshu"]
[Result "1-0"]
[ECO "D00"]
[WhiteElo "2396"]
[BlackElo "1796"]
[Annotator "TA"]
[PlyCount "95"]
[EventDate "2022.06.19"]
[EventType "swiss"]
[EventCountry "IND"]
[SourceTitle "playchess.com"]
[Source "ChessBase"]
[SourceQuality "1"]
[TimeControl "5400+30"]

1. d4 Nf6 2. Nc3 d5 3. Bf4 g6 4. e3 Bg7 5. Nf3 O-O 6. h3 c5 7. Nb5 {[%emt 0:00:48] Strongly threatening Nc7. D00: 1 d4 d5: Unusual lines.} Na6 {[%emt 0:00:22] [#] Prevents Nc7.} (7... cxd4 $11 8. Bc7 (8. Qxd4 Ne4 $17) 8... Qd7) 8. Be5 $146 ({Predecessor:} 8. a4 Bf5 9. c3 Nd7 10. Be2 Re8 11. O-O e5 12. Bh2 Qb6 13. dxe5 Be4 14. a5 Qc6 15. Nd6 Bxf3 16. Bxf3 Rxe5 17. Nxf7 Rf5 18. Ne5 {1-0 (18) Indjic,A (2604)-Puranik,A (2548) Kazan 2019}) 8... Ne4 9. Bxg7 {[%emt 0:01:43] The position is equal.} Kxg7 10. c3 c4 11. Nd2 f5 (11... Nxd2 $142 12. Qxd2 Qb6) 12. Na3 (12. b3 $11) 12... b5 13. Nc2 {[%emt 0:03:28] Prevents b4.} Rb8 14. a3 {[%emt 0:00:18] Against b4} Rb6 15. Be2 Nc7 16. h4 (16. Nf3 $11) 16... a5 17. f4 Qd6 18. Bf3 Qe6 19. h5 Rd8 ({Black should try} 19... g5 $17 20. h6+ Kh8 21. Bxe4 fxe4) 20. Bxe4 (20. Be2 $11 {keeps the balance.}) 20... dxe4 21. Qe2 Nd5 22. Qf2 (22. a4 b4 23. Qf2 bxc3 24. bxc3 g5 25. Nxc4 Nxf4 $1 $17 ) 22... Nf6 23. hxg6 hxg6 24. Qg3 Bd7 25. Qh4 Rbb8 {[%emt 0:01:40] And now ...Rh8 would win.} 26. Qh6+ Kf7 27. O-O-O (27. Qh4 $17 {was necessary.}) 27... Rg8 28. Qg5 (28. Qh2 $142) 28... Rg7 (28... b4 $19 {is more deadly.} 29. axb4 Ba4 30. bxa5 Qc6) 29. d5 Nxd5 (29... Qxd5 30. Nf3 $1 Qxd1+ 31. Kxd1 $18) 30. Nd4 {[%emt 0:00:11] [#]} Qf6 (30... Qd6 31. N2f3 exf3 32. Nxf3 $15) (30... Qb6 $1 $17 {and life is bright.} 31. Rh3 (31. Nxe4 $2 b4 $17) 31... Nf6) 31. Nxe4 $1 $16 {[%emt 0:00:12][%cal Bd2e4,Be4g5,Bg5h7][%mdl 96] Pin. White leaves nothing to chance now.} Qxg5 (31... Qb6 $16) 32. Nxg5+ $18 Kf6 33. Nh7+ {[%emt 0:10:14] Pair of Knights!} ({Resist} 33. Nxf5 Nxf4 34. exf4 (34. Rxd7 Nd3+ 35. Rxd3 gxf5 $11) 34... Bxf5 $16) 33... Kf7 {[%emt 0:00:52] [#]} 34. Nxf5 Bxf5 (34... Nxf4 35. Rxd7 (35. Ng5+ Kf6 $16) 35... Ne2+ 36. Kd2 gxf5) 35. Rxd5 b4 (35... Kg8 $142) 36. Ng5+ Kg8 37. e4 Bg4 38. Rxa5 bxc3 39. bxc3 e6 $2 (39... e5 {was worth a try.}) 40. Rh4 Be2 41. Nxe6 Rgb7 (41... Re7 $142 42. Ra6 Bd3) 42. Kd2 Rd7+ (42... Bd3 $142 43. Nc5 Rc7 44. Nxd3 cxd3) 43. Kxe2 {[%emt 0:03:37] Rh6 is the strong threat.} Rb2+ 44. Ke1 {[%emt 0:00:06] White wants to mate with Ra8+.} Rdd2 45. Ra8+ {[%emt 0:00:41] White mates.} Kf7 46. Ng5+ Ke7 47. Rh7+ Kd6 48. Rd8+ {[%emt 0:01:12] Weighted Error Value: White=0.31/Black=0.65} 1-0